[Event "ICC Open 2015"]
[Site "Internet Chess Club"]
[Date "2015.05.29"]
[Round "11"]
[White "MrsPiggy"]
[Black "Megadeth"]
[Result "0-1"]
[ICCResult "White resigns"]
[WhiteElo "1393"]
[BlackElo "1403"]
[Opening "Queen's pawn game"]
[ECO "D00"]
[NIC "QP.08"]
[Time "16:03:54"]
[TimeControl "180+0"]

1. d4 d5 2. e3 c6 3. c4 e6 4. Nf3 Nf6 5. Be2 Be7 6. b3 O-O 7. Bb2 Nbd7 8.
O-O c5 9. Nc3 cxd4 10. Nxd4 Nb6 11. Ndb5 a6 12. Nd4 e5 13. Nf3 d4 14. exd4
exd4 15. Nxd4 Bc5 16. Nf3 Qe7 17. Re1 Rd8 18. Qc2 Qc7 19. Rad1 Bg4 20. Rxd8+
Rxd8 21. h3 Bh5 22. a3 Bg6 23. Qc1 Bd6 24. b4 Bf4 25. Qa1 Nxc4 26. Rc1 Nxb2
27. Qxb2 Bxc1 28. Qxc1 Rc8 29. Qf4 Qxf4 {White resigns} 0-1

[Event "ICC Open 2015"]
[Site "Internet Chess Club"]
[Date "2015.05.29"]
[Round "11"]
[White "Kseroks"]
[Black "VerdeNotte"]
[Result "0-1"]
[ICCResult "White forfeits on time"]
[WhiteElo "2804"]
[BlackElo "2932"]
[Opening "Benkö gambit half accepted"]
[ECO "A57"]
[NIC "BI.45"]
[Time "16:02:44"]
[TimeControl "180+0"]

1. d4 Nf6 2. c4 c5 3. d5 b5 4. cxb5 a6 5. f3 axb5 6. e4 b4 7. e5 Ng8 8. f4
d6 9. Nf3 Bg4 10. h3 Bxf3 11. Qxf3 Nh6 12. Bb5+ Nd7 13. e6 Qa5 14. exd7+ Kd8
15. Bc6 b3+ 16. Bd2 Qxa2 17. O-O Qxa1 18. Qxb3 Qa7 19. Nc3 c4+ 20. Kh2 cxb3
21. Nb5 Qb6 22. Bxa8 Qxb5 23. Bc6 Qa6 24. Rf3 e6 25. Rxb3 Be7 26. Rb8+ Kc7
27. Rxh8 Bd8 28. b4 exd5 29. b5 Qb6 30. Rxh7 Nf5 31. Rh5 g6 32. Rh7 Nd4 33.
Be3 Nf3+ 34. gxf3 Qxe3 35. Rxf7 Qf2+ 36. Kh1 Qf1+ 37. Kh2 Qf2+ 38. Kh1 d4
39. Rf8 d3 40. b6+ Kxc6 41. Rxd8 d2 {White forfeits on time} 0-1

[Event "ICC Open 2015"]
[Site "Internet Chess Club"]
[Date "2015.05.29"]
[Round "11"]
[White "Meditator"]
[Black "SPARNALIQ"]
[Result "0-1"]
[ICCResult "White resigns"]
[WhiteElo "2292"]
[BlackElo "2786"]
[Opening "Nimzo-Indian: 4.e3, main line"]
[ECO "E59"]
[NIC "NI.01"]
[Time "16:03:29"]
[TimeControl "180+0"]

1. d4 Nf6 2. c4 e6 3. Nc3 Bb4 4. e3 O-O 5. Bd3 d5 6. Nf3 c5 7. O-O Nc6 8. a3
Bxc3 9. bxc3 dxc4 10. Bxc4 Qc7 11. h3 b6 12. Bb2 Bb7 13. Bd3 Na5 14. c4 Rad8
15. Ne5 Nd7 16. Nxd7 Rxd7 17. d5 exd5 18. Qh5 g6 19. Qh6 d4 20. f4 f6 21. e4
Nc6 22. Rae1 Re7 23. h4 Ree8 24. e5 Qg7 25. Qxg7+ Kxg7 26. exf6+ Kxf6 27. g4
Kg7 28. h5 Rxe1 29. Rxe1 Rxf4 30. h6+ Kf7 31. Kh2 Rf2+ 32. Kg3 Rxb2 33. Rf1+
Ke7 34. Bxg6 Rb3+ 35. Kh4 Ne5 36. Bxh7 Nf3+ 37. Kh5 Re3 38. Bf5 Kf6 39. g5+
Kxf5 40. h7 Re2 41. Kh6 Rh2+ 42. Kg7 Kxg5 43. Rg1+ Nxg1 {White resigns} 0-1

[Event "ICC Open 2015"]
[Site "Internet Chess Club"]
[Date "2015.05.29"]
[Round "11"]
[White "BlitzPawn94"]
[Black "Inmune"]
[Result "1/2-1/2"]
[ICCResult "Game drawn because neither player has mating material"]
[WhiteElo "2697"]
[BlackElo "2997"]
[Opening "Nimzovich-Larsen attack: modern variation"]
[ECO "A01"]
[NIC "VO.08"]
[Time "16:02:35"]
[TimeControl "180+0"]

1. b3 e5 2. Bb2 Nc6 3. e3 Nf6 4. Bb5 Bd6 5. Na3 Na5 6. Be2 O-O 7. Nb5 Qe7 8.
Nxd6 cxd6 9. Nf3 b6 10. O-O Bb7 11. c4 Rac8 12. Rc1 Nc6 13. d4 e4 14. Nd2 d5
15. cxd5 Nb4 16. Ba3 a5 17. Bc4 d6 18. Qe2 Nxa2 19. Rc2 Nb4 20. Bxb4 axb4
21. Rfc1 h6 22. Ba6 Rxc2 23. Rxc2 Bxd5 24. Qb5 Rb8 25. Qxb4 Qd8 26. Bc4 Rc8
27. Ra2 Be6 28. h3 d5 29. Bf1 Rc1 30. Qa3 Qc7 31. Nc4 Rxf1+ 32. Kxf1 dxc4
33. Rc2 Qh2 34. bxc4 Qh1+ 35. Ke2 Qxg2 36. c5 bxc5 37. dxc5 Bxh3 38. c6 Bg4+
39. Kd2 Qxf2+ 40. Kc1 Qe1+ 41. Kb2 h5 42. c7 Kh7 43. Qc5 Qd1 44. c8=Q Bxc8
45. Qxc8 Qd5 46. Qc3 Qf5 47. Qe1 Ng4 48. Re2 Qe5+ 49. Kc2 f5 50. Qb4 Qe6 51.
Qa4 Ne5 52. Rh2 Kg6 53. Rg2+ Ng4 54. Re2 Qd6 55. Qc4 Qe5 56. Qc6+ Qf6 57.
Qc4 h4 58. Qc7 h3 59. Kb1 Qe6 60. Kb2 Qe5+ 61. Qxe5 Nxe5 62. Rh2 Kg5 63.
Rxh3 Kg4 64. Rh7 g5 65. Rh1 Nf3 66. Kc2 f4 67. exf4 Kxf4 68. Kd1 g4 69. Ke2
g3 70. Rh8 g2 71. Rf8+ Ke5 72. Re8+ Kd4 73. Rd8+ Kc5 74. Rc8+ Kd6 75. Rd8+
Ke7 76. Rg8 g1=Q 77. Rxg1 Nxg1+ 78. Ke3 Nf3 79. Kxe4
{Game drawn because neither player has mating material}
1/2-1/2

[Event "ICC Open 2015"]
[Site "Internet Chess Club"]
[Date "2015.05.29"]
[Round "11"]
[White "nevidimka"]
[Black "BFavre"]
[Result "0-1"]
[ICCResult "White resigns"]
[WhiteElo "1991"]
[BlackElo "1809"]
[Opening "Old Benoni defense"]
[ECO "A43"]
[NIC "OI.09"]
[Time "16:03:55"]
[TimeControl "180+0"]

1. d4 c5 2. dxc5 e6 3. Nd2 Bxc5 4. Ne4 Be7 5. Nd6+ Bxd6 6. Qxd6 Qe7 7. Bf4
f6 8. e4 e5 9. Qxe7+ Nxe7 10. Be3 d5 11. exd5 Nxd5 12. Bc5 b6 13. Ba3 Ba6
14. O-O-O Bxf1 15. Rxf1 Nc6 16. Rd1 O-O-O 17. Ne2 Rd7 18. c4 Ndb4 19. Rxd7
Kxd7 20. Bxb4 Nxb4 21. a3 Nd3+ 22. Kc2 Nxf2 23. Rf1 Ne4 24. Rf3 Rc8 25. b3
b5 26. Kd3 Nc5+ 27. Kc3 Ke6 28. Kb4 bxc4 29. bxc4 Ne4 30. Re3 Rb8+ 31. Ka5
Nd6 32. Rc3 Ne4 33. Re3 Nd6 34. Rc3 Ne4 35. Rc2 Kd6 36. Ka6 Rb3 37. a4 Ra3
38. Kxa7 Kc6 39. Kb8 Rxa4 40. Nc3 Rxc4 41. Nxe4 Rxc2 42. Nxf6 gxf6
{White resigns}
0-1

[Event "ICC Open 2015"]
[Site "Internet Chess Club"]
[Date "2015.05.29"]
[Round "11"]
[White "Kenana"]
[Black "chessrex"]
[Result "0-1"]
[ICCResult "White forfeits on time"]
[WhiteElo "1902"]
[BlackElo "2075"]
[Opening "Queen's pawn: Charlick (Englund) gambit"]
[ECO "A40"]
[NIC "QO.17"]
[Time "16:03:26"]
[TimeControl "180+0"]

1. d4 e5 2. dxe5 Nc6 3. Nf3 f6 4. exf6 Nxf6 5. e3 d5 6. Be2 Bd6 7. b3 O-O 8.
Bb2 Kh8 9. O-O Qe8 10. Nc3 Qh5 11. Nb5 Ng4 12. Nxd6 cxd6 13. h3 Nge5 14. Nh2
Qg6 15. f4 Bxh3 16. Rf2 Nb4 17. a3 Nxc2 18. Bd3 Nxe3 19. Bxg6 Nxd1 20. Rxd1
Nxg6 21. gxh3 Nxf4 22. Kh1 Nxh3 23. Rg2 Rf7 24. Rxd5 Nf4 25. Rxg7 Rxg7
{White forfeits on time}
0-1

[Event "ICC Open 2015"]
[Site "Internet Chess Club"]
[Date "2015.05.29"]
[Round "11"]
[White "SvMihajlov"]
[Black "maly"]
[Result "0-1"]
[ICCResult "White checkmated"]
[WhiteElo "2268"]
[BlackElo "2648"]
[Opening "Modern defense"]
[ECO "A40"]
[NIC "EO.35"]
[Time "16:03:02"]
[TimeControl "180+0"]

1. d4 g6 2. c4 Bg7 3. Nf3 c5 4. Nc3 cxd4 5. Nxd4 Nc6 6. Nc2 Bxc3+ 7. bxc3
Qa5 8. Bd2 Nf6 9. f3 d6 10. e4 O-O 11. Be2 Be6 12. Nd4 Rac8 13. Qb3 Ne5 14.
Nxe6 fxe6 15. Qxb7 Nxc4 16. Bxc4 Rxc4 17. Qxe7 Qe5 18. O-O Rf7 19. Qd8+ Rf8
20. Qe7 Rf7 21. Qd8+ Kg7 22. Rab1 Qc5+ 23. Kh1 Qc7 24. Rb8 Qxd8 25. Rxd8
Nxe4 26. Be1 d5 27. Kg1 Nxc3 28. Bxc3+ Rxc3 29. Re1 Re7 30. Rxd5 Rc2 31. Ra5
Rd7 32. h4 Rdd2 33. Rxa7+ Kf6 34. Ra6 Rxg2+ 35. Kh1 Rh2+ 36. Kg1 Rxh4 37.
Rexe6+ Kg5 38. Re5+ Kf4 39. Re4+ Kg3 40. Rxh4 Rc1# {White checkmated} 0-1

[Event "ICC Open 2015"]
[Site "Internet Chess Club"]
[Date "2015.05.29"]
[Round "11"]
[White "El-Flippo"]
[Black "auket40"]
[Result "0-1"]
[ICCResult "White forfeits on time"]
[WhiteElo "1324"]
[BlackElo "1640"]
[Opening "French defense"]
[ECO "C00"]
[NIC "FR.01"]
[Time "16:03:22"]
[TimeControl "180+0"]

1. e4 e6 2. Nf3 d5 3. e5 c5 4. c4 d4 5. d3 Bd7 6. h4 Qb6 7. h5 Bc6 8. Nbd2
h6 9. Rb1 Nd7 10. Qe2 Ne7 11. g4 a5 12. Rg1 a4 13. Bg2 Qa5 14. Kf1 g6 15.
Ne4 Bxe4 16. Qxe4 gxh5 17. g5 Nc6 18. Bf4 O-O-O 19. Ne1 hxg5 20. Bxg5 Re8
21. Nc2 Rg8 22. Bc1 Rg4 23. Qf3 Ndxe5 {White forfeits on time} 0-1

[Event "ICC Open 2015"]
[Site "Internet Chess Club"]
[Date "2015.05.29"]
[Round "11"]
[White "MassCarnage"]
[Black "TallTower"]
[Result "1-0"]
[ICCResult "Black resigns"]
[WhiteElo "2023"]
[BlackElo "1758"]
[Opening "English opening"]
[ECO "A05"]
[NIC "QP.11"]
[Time "16:03:32"]
[TimeControl "180+0"]

1. Nf3 Nf6 2. c4 e6 3. e3 d5 4. Nc3 Be7 5. b3 O-O 6. Bb2 c5 7. Rg1 Nc6 8. g4
d4 9. Ne2 e5 10. g5 Nd7 11. e4 f5 12. gxf6 Nxf6 13. d3 Bg4 14. Ng3 Nxe4 15.
Nxe4 Bxf3 16. Be2 Bxe2 17. Qxe2 Qd7 18. O-O-O a5 19. a4 b5 20. cxb5 Nb4 21.
Kb1 Qd5 22. Nd2 Rf7 23. Nc4 Raf8 24. Qg4 Bf6 25. Rg3 Re8 26. Rdg1 e4 27. Ne3
Qd8 28. Nf5 Nxd3 29. Nh6+ Kf8 30. Nxf7 Kxf7 31. Qh5+ Kg8 32. Qh6 Re7 33.
Qxf6 Qe8 34. Rxg7+ {Black resigns} 1-0

[Event "ICC Open 2015"]
[Site "Internet Chess Club"]
[Date "2015.05.29"]
[Round "11"]
[White "RobbieWilliams"]
[Black "AlexSlizhevsky"]
[Result "0-1"]
[ICCResult "White resigns"]
[WhiteElo "1721"]
[BlackElo "2009"]
[Opening "Queen's pawn game"]
[ECO "A45"]
[NIC "QP.07"]
[Time "16:04:26"]
[TimeControl "180+0"]

1. d4 Nf6 2. e3 g6 3. Nc3 Bg7 4. e4 d6 5. f3 O-O 6. Be3 a6 7. Qd2 b5 8.
O-O-O b4 9. Nce2 Nc6 10. Kb1 a5 11. Nc1 Ba6 12. Bxa6 Rxa6 13. g4 a4 14. Nge2
b3 15. cxb3 axb3 16. a3 Na5 17. Bh6 Nc4 18. Qf4 Qa8 19. Bxg7 Kxg7 20. e5 Nd5
21. Qe4 Nxa3+ 22. bxa3 Rxa3 23. Kb2 Ra2+ 24. Nxa2 Qxa2+ 25. Kc1 b2+ 26. Kd2
b1=Q+ 27. Ke1 Qxe4 28. fxe4 Ne3 {White resigns} 0-1

[Event "ICC Open 2015"]
[Site "Internet Chess Club"]
[Date "2015.05.29"]
[Round "11"]
[White "jonesey"]
[Black "Qualm"]
[Result "1-0"]
[ICCResult "Black forfeits on time"]
[WhiteElo "1934"]
[BlackElo "1694"]
[Opening "Scandinavian: Pytel-Wade variation"]
[ECO "B01"]
[NIC "SD.02"]
[Time "16:03:39"]
[TimeControl "180+0"]

1. e4 d5 2. exd5 Qxd5 3. Nc3 Qd6 4. Nf3 Nf6 5. d4 a6 6. g3 b5 7. Bf4 Qb6 8.
Bg2 Bb7 9. O-O e6 10. Qe2 Bd6 11. Bxd6 cxd6 12. Ng5 Bxg2 13. Kxg2 O-O 14.
Nce4 Nbd7 15. c3 h6 16. Nxf6+ Nxf6 17. Ne4 Nxe4 18. Qxe4 Rac8 19. f4 Qc6 20.
Rae1 Qc4 21. f5 exf5 22. Qxf5 Qxa2 23. d5 Rxc3 24. Re7 Qxb2+ 25. Rf2 Qc1 26.
Rxf7 Rxf7 27. Qxf7+ Kh7 28. Qf5+ Kg8 29. Qe6+ Kh7 30. Qe4+ Kg8 31. Qe8+ Kh7
32. Rf8 Rc2+ 33. Kh3 {Black forfeits on time} 1-0

[Event "ICC Open 2015"]
[Site "Internet Chess Club"]
[Date "2015.05.29"]
[Round "11"]
[White "mrrr"]
[Black "Kenajode"]
[Result "0-1"]
[ICCResult "White resigns"]
[WhiteElo "1846"]
[BlackElo "1706"]
[Opening "QGD: exchange, positional line"]
[ECO "D35"]
[NIC "QO.16"]
[Time "16:04:04"]
[TimeControl "180+0"]

1. d4 d5 2. c4 e6 3. Nc3 Nf6 4. cxd5 exd5 5. Bg5 Nbd7 6. Qc2 c6 7. e3 Bd6 8.
Bd3 O-O 9. Nge2 h6 10. Bh4 b5 11. f3 a6 12. O-O Bb7 13. Kh1 c5 14. dxc5 Nxc5
15. Nd4 Re8 16. Rae1 Bf8 17. Bf5 Qb6 18. Bxf6 Qxf6 19. b4 Ne6 20. Nb3 Bxb4
21. Rd1 Rac8 22. Bxe6 fxe6 23. Rd3 e5 24. Rc1 e4 25. Nxd5 Bxd5 26. Qxc8 Rxc8
27. Rxc8+ Kh7 28. Rxd5 exf3 29. Rdd8 f2 30. Rh8+ Kg6 31. h3 f1=Q+ 32. Kh2
Bd6+ {White resigns} 0-1

[Event "ICC Open 2015"]
[Site "Internet Chess Club"]
[Date "2015.05.29"]
[Round "11"]
[White "chesstempo2"]
[Black "Doondoon"]
[Result "1/2-1/2"]
[ICCResult "White stalemated"]
[WhiteElo "1948"]
[BlackElo "1696"]
[Opening "Benoni: fianchetto variation"]
[ECO "A62"]
[NIC "BI.23"]
[Time "16:02:46"]
[TimeControl "180+0"]

1. d4 Nf6 2. Nf3 c5 3. d5 e6 4. c4 exd5 5. cxd5 d6 6. Nc3 g6 7. g3 Bg7 8.
Bg2 O-O 9. O-O Re8 10. Re1 a6 11. a4 Qc7 12. e4 Bg4 13. Bf4 Nbd7 14. Qc2
Rab8 15. a5 Bxf3 16. Bxf3 Ne5 17. Bg2 b5 18. axb6 Qxb6 19. Ra2 c4 20. Be3
Qb7 21. Rea1 Nd3 22. Rxa6 Qxb2 23. Qxb2 Rxb2 24. Rxd6 Ng4 25. Nd1 Re2 26.
Raa6 Nxe3 27. Nxe3 Rxf2 28. Nxc4 Bd4 29. h3 Rc2+ 30. Kh2 Rxc4 31. Rd7 Ne1
32. Ra2 Nxg2 33. Kxg2 Rxe4 34. d6 Be5 35. Rd8+ Kg7 36. d7 Red4 37. Re8 Bf6
38. Raa8 Rc2+ 39. Kf3 Rcd2 40. d8=Q Rxd8 41. Raxd8 Rxd8 42. Re3 Rd7 43. Rb3
Re7 44. Ra3 Be5 45. Rb3 f5 46. Ra3 Kf6 47. Ra6+ Re6 48. Ra7 h6 49. Ra3 Rd6
50. Rb3 Kg5 51. h4+ Kf6 52. Ra3 Rd4 53. Ra6+ Bd6 54. Ke3 Re4+ 55. Kf3 Ke6
56. Ra8 Rg4 57. Re8+ Kd5 58. Rh8 h5 59. Rh6 Rxg3+ 60. Kf2 Rg4 61. Kf3 Bf4
62. Rh7 Rxh4 63. Rd7+ Ke6 64. Rg7 Rg4 65. Rg8 Kf7 66. Ra8 Bd6 67. Ra7+ Be7
68. Ra6 h4 69. Ra7 h3 70. Ra2 Rh4 71. Rh2 g5 72. Kg3 g4 73. Kf4 Kg6 74. Kg3
Bd6+ 75. Kxh4 Bxh2 {White stalemated} 1/2-1/2

[Event "ICC Open 2015"]
[Site "Internet Chess Club"]
[Date "2015.05.29"]
[Round "11"]
[White "Talion"]
[Black "PaYbAcK"]
[Result "0-1"]
[ICCResult "White forfeits on time"]
[WhiteElo "2890"]
[BlackElo "2684"]
[Opening "Queen's pawn: London system"]
[ECO "A45"]
[NIC "QP.07"]
[Time "16:02:36"]
[TimeControl "180+0"]

1. d4 Nf6 2. Bf4 d5 3. e3 e6 4. c4 b6 5. Nc3 Bb7 6. Nf3 Bd6 7. Bg3 Bxg3 8.
hxg3 Nbd7 9. cxd5 exd5 10. Bd3 c5 11. a3 O-O 12. g4 cxd4 13. Nxd4 Ne5 14. f3
h6 15. Kf2 Re8 16. Qc2 Nexg4+ 17. fxg4 Nxg4+ 18. Kg1 Nxe3 19. Qf2 Qg5 20.
Rh3 Bc8 21. Rg3 Ng4 22. Re1 Bd7 23. Qf1 Qh4 24. Rxe8+ Rxe8 25. Rh3 Qg5 26.
Nce2 Ne3 27. Qf3 Bxh3 28. Qxh3 Nc4 29. Qd7 Qe3+ 30. Kh2 Qe7 31. Qxd5 Qh4+
32. Kg1 Qe1+ 33. Kh2 Qh4+ 34. Kg1 Ne3 35. Qf3 Qe1+ 36. Kh2 Qh4+ 37. Kg1 Ng4
38. Qg3 Qxg3 39. Nxg3 Re3 40. Be2 Rxg3 41. Nf5 Rb3 42. Bxg4 Rxb2 43. Bf3 Ra2
44. Ne7+ Kf8 45. Nc6 Rxa3 46. Kf2 a5 47. g4 Rc3 48. Ne5 a4 49. Nd7+ Kg8 50.
Nxb6 a3 51. Bd5 a2 52. Bxa2 Rc2+ 53. Kg3 Rxa2 54. Nd5 g5 55. Ne3 Ra3 56. Kf2
Rxe3 57. Kxe3 f5 58. Kf3 Kf7 {White forfeits on time} 0-1

[Event "ICC Open 2015"]
[Site "Internet Chess Club"]
[Date "2015.05.29"]
[Round "11"]
[White "IlValentino"]
[Black "pawnloser"]
[Result "0-1"]
[ICCResult "White forfeits on time"]
[WhiteElo "1415"]
[BlackElo "1598"]
[Opening "QGD: Marshall defense"]
[ECO "A50"]
[NIC "QP.07"]
[Time "16:02:53"]
[TimeControl "180+0"]

1. d4 Nf6 2. c4 d5 3. b3 c6 4. Nf3 Bf5 5. e3 e6 6. Bd3 Bg6 7. Bb2 Bd6 8. h3
O-O 9. O-O Nbd7 10. Qc2 Rc8 11. Nbd2 Bb8 12. Rfe1 Qc7 13. Bxg6 fxg6 14. e4
Nxe4 15. Nxe4 Rxf3 16. gxf3 Qh2+ 17. Kf1 Qxh3+ 18. Ke2 dxe4 19. Qxe4 Nf6 20.
Qd3 Qh4 21. Rh1 Qf4 22. Rag1 Re8 23. Bc1 Qd6 24. Rg3 e5 25. d5 cxd5 26. cxd5
Nxd5 27. Rgh3 Nf4+ 28. Bxf4 Qxd3+ 29. Kxd3 exf4 30. Rxh7 Kf7 31. Rh8 Re6 32.
Rxb8 Ra6 33. Rxb7+ Kf6 34. Ra1 Rd6+ 35. Ke2 Re6+ 36. Kf1 g5 37. Rxa7 Kf5 38.
Re1 Rc6 39. Ree7 g4 40. Rf7+ Ke5 41. Rae7+ Kd6 {White forfeits on time} 0-1

[Event "ICC Open 2015"]
[Site "Internet Chess Club"]
[Date "2015.05.29"]
[Round "11"]
[White "kolding"]
[Black "perronegro"]
[Result "0-1"]
[ICCResult "White resigns"]
[WhiteElo "1746"]
[BlackElo "1649"]
[Opening "Sicilian defense"]
[ECO "B40"]
[NIC "SI.43"]
[Time "16:03:41"]
[TimeControl "180+0"]

1. e4 c5 2. Nf3 e6 3. c3 Nf6 4. e5 Nd5 5. d4 cxd4 6. c4 Nb6 7. Qxd4 Be7 8.
Bd3 Nc6 9. Qg4 g6 10. O-O h5 11. Qe4 Nb4 12. Be2 Qc7 13. a3 Nc6 14. Nc3 a6
15. Be3 d6 16. exd6 Bxd6 17. Nd5 Nxd5 18. cxd5 Ne7 19. dxe6 Bxe6 20. Rac1
Qd7 21. Rfd1 O-O 22. Ng5 Bf5 23. Qd4 Nc8 24. Rxc8 Raxc8 25. Qxd6 Qxd6 26.
Rxd6 Rc2 27. Rd2 Rc1+ 28. Bf1 Rb1 29. h3 Rc8 30. Rd7 Bxd7 {White resigns}
0-1

[Event "ICC Open 2015"]
[Site "Internet Chess Club"]
[Date "2015.05.29"]
[Round "11"]
[White "sibirica"]
[Black "playformaximum"]
[Result "1-0"]
[ICCResult "Black checkmated"]
[WhiteElo "2594"]
[BlackElo "3006"]
[Opening "French: exchange variation"]
[ECO "C01"]
[NIC "FR.01"]
[Time "16:03:23"]
[TimeControl "180+0"]

1. e4 e6 2. d4 d5 3. exd5 exd5 4. Nf3 Bd6 5. c4 Nf6 6. Nc3 O-O 7. cxd5 Nbd7
8. Be2 Nb6 9. O-O Nbxd5 10. Bc4 c6 11. Bg5 Be7 12. Re1 Bg4 13. Qd3 Nb4 14.
Qd2 Bxf3 15. gxf3 Nfd5 16. Rxe7 Nxe7 17. Re1 Re8 18. Qe3 Nc2 19. Bxf7+ Kxf7
20. Qe6+ Kf8 21. Re4 Nxd4 22. Rf4+ Ndf5 23. Rxf5+ Nxf5 24. Qxf5+ Kg8 25.
Bxd8 Raxd8 26. Ne4 Rd5 27. Qg4 Kh8 28. h4 h6 29. Qg6 Re7 30. Kg2 Rde5 31. a3
R5e6 32. Qg3 Re5 33. Nd6 R5e6 34. Nf5 Rf7 35. Qb8+ Kh7 36. Nd4 Rg6+ 37. Kf1
Rgf6 38. Qxa7 Rd7 39. Qc5 Rd5 40. Qc2+ g6 41. Qc3 Rfd6 42. Ne2 Rd3 43. Qc5
R3d5 44. Qb6 Rd7 45. Nc3 Rf5 46. Qe3 Rdf7 47. Ke2 g5 48. hxg5 Rxg5 49. Ne4
Rg6 50. Qd3 Kg7 51. Qd4+ Kh7 52. Qd8 Re6 53. Qc8 Rfe7 54. Ke3 h5 55. Qf8 h4
56. Kf4 Kg6 57. Qg8+ Kh5 58. Qg5# {Black checkmated} 1-0

[Event "ICC Open 2015"]
[Site "Internet Chess Club"]
[Date "2015.05.29"]
[Round "11"]
[White "KingGambits"]
[Black "Piranha"]
[Result "1-0"]
[ICCResult "Black checkmated"]
[WhiteElo "1659"]
[BlackElo "1788"]
[Opening "Sicilian: classical"]
[ECO "B58"]
[NIC "SI.25"]
[Time "16:03:07"]
[TimeControl "180+0"]

1. e4 c5 2. Nf3 d6 3. d4 cxd4 4. Nxd4 Nf6 5. Nc3 Nc6 6. Be2 g6 7. O-O Bg7 8.
Kh1 O-O 9. f4 a6 10. g4 Nxd4 11. Qxd4 Nxg4 12. Qg1 Nf6 13. e5 dxe5 14. fxe5
Nd5 15. Ne4 Bf5 16. Bf3 Bxe5 17. Bh6 Re8 18. Rad1 e6 19. c4 Qa5 20. cxd5
exd5 21. Nc3 d4 22. Ne4 Qxa2 23. Bg5 Bxe4 24. Bxe4 Qxb2 25. Rb1 Qe2 26. Bf3
Qd3 27. Rxb7 Rab8 28. Ra7 Rb2 29. Bg2 Qd2 30. Rfxf7 Qxg5 31. Rxh7 Rf8 32.
Bd5+ Rf7 33. Raxf7 Rxh2+ 34. Qxh2 Bxh2 35. Rfg7+ Kf8 36. Rg8# {Black
checkmated} 1-0

[Event "ICC Open 2015"]
[Site "Internet Chess Club"]
[Date "2015.05.29"]
[Round "11"]
[White "Chessfreak"]
[Black "nmd"]
[Result "1-0"]
[ICCResult "Black checkmated"]
[WhiteElo "1821"]
[BlackElo "1709"]
[Opening "King's Indian defense, 3.Nc3"]
[ECO "E61"]
[NIC "EO.64"]
[Time "16:03:20"]
[TimeControl "180+0"]

1. c4 Nf6 2. Nc3 g6 3. d4 Bg7 4. Bf4 O-O 5. Qd2 d6 6. Bh6 Nbd7 7. Bxg7 Kxg7
8. h4 h5 9. f3 e5 10. e4 b6 11. d5 a5 12. Nh3 Nc5 13. Ng5 Nh7 14. Be2 f5 15.
Nb5 fxe4 16. Nxe4 Nxe4 17. fxe4 Bd7 18. Nc3 Nf6 19. O-O-O Ng4 20. Bxg4 Bxg4
21. Rdf1 Qe7 22. Qe1 Rf7 23. Rxf7+ Qxf7 24. Rf1 Qe7 25. Qf2 Rf8 26. Qxf8+
Qxf8 27. Rxf8 Kxf8 28. Nb5 Be2 29. b3 Bf1 30. g3 Bg2 31. Nxc7 Bxe4 32. Na8
Ke7 33. Nxb6 Kf6 34. Kd2 g5 35. Ke3 Bb1 36. a3 Ba2 37. b4 a4 38. c5 Ke7 39.
c6 Kd8 40. Ke4 Bb1+ 41. Ke3 Kc7 42. Nxa4 Ba2 43. Nc3 Bc4 44. a4 gxh4 45.
gxh4 Bb3 46. b5 Bc4 47. a5 Bf1 48. b6+ Kb8 49. Ne4 Bg2 50. Nf6 Kc8 51. a6
Kb8 52. a7+ Ka8 53. c7 Kb7 54. c8=Q+ Kxc8 55. a8=Q# {Black checkmated} 1-0

[Event "ICC Open 2015"]
[Site "Internet Chess Club"]
[Date "2015.05.29"]
[Round "11"]
[White "BlitzorDDD"]
[Black "Sebs"]
[Result "0-1"]
[ICCResult "White resigns"]
[WhiteElo "3166"]
[BlackElo "2968"]
[Opening "English opening"]
[ECO "A05"]
[NIC "QP.11"]
[Time "16:03:54"]
[TimeControl "180+0"]

1. Nf3 Nf6 2. c4 c6 3. g3 d5 4. Qc2 dxc4 5. Qxc4 g6 6. Bg2 Bg7 7. O-O O-O 8.
d3 Bg4 9. h3 Bxf3 10. Bxf3 Nbd7 11. Bg2 e6 12. Nd2 Nd5 13. Rb1 a5 14. Qc2
Nb4 15. Qc4 b5 16. Qb3 Nc5 17. Qd1 Nxa2 18. Bxc6 Rb8 19. Ne4 Na6 20. Bf4 Rb6
21. Bxb5 Rxb5 22. Qa4 Qd5 23. Ra1 Rxb2 24. Bh6 Rxe2 25. Bxg7 Kxg7 26. Qa3
N2b4 27. Rfd1 Nxd3 28. Nc3 Qd4 29. Nxe2 Qxf2+ 30. Kh1 Qf3+ 31. Kg1 Qe3+ 32.
Kh1 Nf2+ 33. Kg2 Nxd1 34. Qxe3 Nxe3+ 35. Kf2 Nc4 36. Ra4 Rc8 37. Nd4 Nb4
{White resigns}
0-1

[Event "ICC Open 2015"]
[Site "Internet Chess Club"]
[Date "2015.05.29"]
[Round "11"]
[White "Pkopsa"]
[Black "onti"]
[Result "1-0"]
[ICCResult "Black resigns"]
[WhiteElo "1590"]
[BlackElo "1421"]
[Opening "Queen's pawn: Keres defense"]
[ECO "A40"]
[NIC "QO.17"]
[Time "16:03:08"]
[TimeControl "180+0"]

1. d4 e6 2. c4 b6 3. Nc3 Bb7 4. Nf3 g6 5. e4 Ne7 6. d5 exd5 7. cxd5 d6 8.
Qd4 Rg8 9. Bg5 Bg7 10. Bf6 Nd7 11. Bxg7 Rxg7 12. Qxg7 Nf8 13. Ng5 Kd7 14.
Qxf7 c6 15. dxc6+ Bxc6 16. Nd5 Bxd5 17. exd5 Kc7 18. Ba6 b5 19. a4 b4 20.
O-O Kb6 21. Bb5 a6 22. Bc6 Nxc6 23. dxc6 Qd7 24. cxd7 {Black resigns} 1-0

[Event "ICC Open 2015"]
[Site "Internet Chess Club"]
[Date "2015.05.29"]
[Round "11"]
[White "manitodeplomo"]
[Black "Platyborg"]
[Result "0-1"]
[ICCResult "White resigns"]
[WhiteElo "2628"]
[BlackElo "3058"]
[Opening "Benoni: 6.e4"]
[ECO "A65"]
[NIC "BI.38"]
[Time "16:03:21"]
[TimeControl "180+0"]

1. d4 Nf6 2. c4 c5 3. d5 e6 4. Nc3 exd5 5. cxd5 d6 6. e4 g6 7. h3 Bg7 8. Nf3
O-O 9. Bd3 Na6 10. O-O Nc7 11. Re1 Re8 12. a4 a6 13. Bg5 h6 14. Bf4 Nh5 15.
Be3 Rb8 16. Qd2 Kh7 17. Rab1 b5 18. axb5 axb5 19. b4 c4 20. Bc2 Nf6 21. Nd4
Bd7 22. Bf4 Rb6 23. g4 Re5 24. Bxe5 dxe5 25. Nf3 Nfe8 26. Kg2 Nd6 27. Qe3
Rb8 28. Ra1 Nce8 29. Ra7 Bf6 30. Rea1 Ng7 31. R1a6 Bc8 32. Rc6 Nge8 33. Qc5
Bb7 34. Kg3 Bxc6 35. dxc6 Qb6 36. Nd5 Qxc5 37. bxc5 Nc8 38. Nxf6+ Nxf6 39.
Rxf7+ Kg8 40. Rxf6 b4 41. c7 Rb7 42. Nxe5 b3 43. Rf3 bxc2 44. Rc3 Rb3
{White resigns}
0-1

[Event "ICC Open 2015"]
[Site "Internet Chess Club"]
[Date "2015.05.29"]
[Round "11"]
[White "chessdjw"]
[Black "Woss"]
[Result "1-0"]
[ICCResult "Black checkmated"]
[WhiteElo "2249"]
[BlackElo "2152"]
[Opening "Catalan: closed, 5.Nf3"]
[ECO "E06"]
[NIC "CA.04"]
[Time "16:02:51"]
[TimeControl "180+0"]

1. Nf3 e6 2. c4 d5 3. d4 Nf6 4. g3 Be7 5. Bg2 c6 6. O-O Ne4 7. Nbd2 f5 8.
Ne5 O-O 9. Ndf3 Nd7 10. Bf4 Bf6 11. Nxd7 Bxd7 12. Be5 b6 13. Bxf6 Qxf6 14.
Ne5 Rad8 15. Rc1 Be8 16. e3 c5 17. cxd5 exd5 18. f3 Ng5 19. h4 Ne6 20. f4 c4
21. b3 b5 22. bxc4 dxc4 23. h5 h6 24. g4 fxg4 25. Qxg4 Qf5 26. Qxf5 Rxf5 27.
Bh3 Rf6 28. Ng4 Rf8 29. Nxh6+ gxh6 30. Bxe6+ Kh8 31. f5 Bxh5 32. d5 Kg7 33.
Kf2 Bg4 34. Kg3 h5 35. e4 Be2 36. Rg1 Kh6 37. Kf4 Bd3 38. Rg6+ Kh7 39. Rcg1
Be2 40. Rg7+ Kh8 41. R1g6 Rf6 42. Kg5 Rxg6+ 43. Kxg6 Rd7 44. Rg8#
{Black checkmated}
1-0

[Event "ICC Open 2015"]
[Site "Internet Chess Club"]
[Date "2015.05.29"]
[Round "11"]
[White "Valai"]
[Black "FlyAway"]
[Result "0-1"]
[ICCResult "White checkmated"]
[WhiteElo "2510"]
[BlackElo "2873"]
[Opening "Benoni defense"]
[ECO "A56"]
[NIC "OI.06"]
[Time "16:03:00"]
[TimeControl "180+0"]

1. d4 Nf6 2. c4 c5 3. dxc5 e6 4. Nf3 Bxc5 5. e3 O-O 6. Nc3 d5 7. cxd5 exd5
8. Be2 Nc6 9. O-O Re8 10. a3 a5 11. Nb5 Ne4 12. Nbd4 Bd6 13. Nxc6 bxc6 14.
Qc2 Bb7 15. Bd3 c5 16. b3 Qf6 17. Bb2 Qh6 18. h3 Re6 19. Rad1 Rae8 20. Bxe4
Rxe4 21. Qc3 d4 22. exd4 Rg4 23. h4 Qf4 24. d5 Re4 25. Bc1 Rxg2+ 26. Kxg2
Qg4+ 27. Kh1 Qh3+ 28. Kg1 Rg4# {White checkmated} 0-1